 Dungeon Crawl Stone Soup version 0.27.1-33-g824d729ab1 (webtiles) character file.

Game seed: 5259909814996894158

74 sking99 the Skirmisher (level 4, 0/50 HPs)
             Began as an Ogre Monk on Dec 10, 2021.
             Slain by an orc wizard (2 damage)
             ... on level 5 of the Dungeon.
             The game lasted 00:03:20 (2573 turns).

sking99 the Skirmisher (Ogre Monk)                  Turns: 2573, Time: 00:03:21

Health: 0/50       AC:  3    Str: 16    XL:     4   Next: 30%
Magic:  4/4        EV: 10    Int: 11    God:
Gold:   97         SH:  0    Dex: 11    Spells: 3/3 levels left

rFire    . . .     SeeInvis .   a - +0 mace
rCold    . . .     Faith    .   (no shield)
rNeg     . . .     Spirit   .   b - +0 robe
rPois    +         Reflect  .   (helmet restricted)
rElec    .         Harm     .   (no cloak)
rCorr    .         Rampage  .   (gloves unavailable)
Will     .....                  (boots unavailable)
Stlth    ++........             (no amulet)
HPRegen  0.16/turn              e - ring of poison resistance
MPRegen  0.09/turn              (no ring)

@: no status effects
A: large, unfitting armour, tough skin 1
a: no special abilities


You were on level 5 of the Dungeon.
You visited 1 branch of the dungeon, and saw 5 of its levels.

You collected 97 gold pieces.

Inventory:

Hand Weapons
 a - a +0 mace (weapon)
Armour
 b - a +0 robe (worn)
Jewellery
 e - a ring of poison resistance (left hand)
Wands
 f - a wand of iceblast (6)
Scrolls
 g - a scroll of magic mapping
Potions
 c - a potion of cancellation {unknown}
 h - a potion of degeneration {unknown}


   Skills:
 + Level 5.0 Fighting
 * Level 4.0 Maces & Flails
 - Level 2.6 Dodging
 - Level 1.4 Stealth


You had 3 spell levels left.
You didn't know any spells.
Your spell library contained the following spells:

 Spells                   Type           Power      Damage    Failure   Level
 Beastly Appendage        Tmut           0%         N/A       34%         1
 Slow                     Hex            0%         N/A       47%         2
 Wereblood                Tmut           0%         N/A       47%         2
 Confusing Touch          Hex            0%         N/A       71%         3
 Gell's Gravitas          Tloc           0%         N/A       71%         3
 Portal Projectile        Hex/Tloc       0%         N/A       71%         3
 Spider Form              Tmut/Pois      0%         N/A       71%         3
 Stone Arrow              Conj/Erth      0%         3d7       71%         3
 Teleport Other           Tloc           0%         N/A       71%         3
 Vampiric Draining        Necr           0%         2d6       71%         3
 Animate Armour           Summ/Erth      0%         N/A       98%         4
 Leda's Liquefaction      Hex/Erth       0%         N/A       98%         4
 Blade Hands              Tmut           0%         N/A       100%        5
 Bolt of Magma            Conj/Fire/Erth 0%         4d4       100%        5
 Excruciating Wounds      Necr           0%         N/A       100%        5
 Dispersal                Tloc           0%         N/A       100%        6
 Statue Form              Tmut/Erth      0%         N/A       100%        6
 Lehudib's Crystal Spear  Conj/Erth      0%         10d2      100%        8


Dungeon Overview and Level Annotations

Branches:
Dungeon (5/15)
 Temple: D:4-7

Altars:

Annotations:
D:5 Menkaure


Innate Abilities, Weirdness & Mutations

You are too large for most types of armour.
You have tough skin. (AC +1)


Message History

The ufetubus closely misses you. x2
The ball python bites you but does no damage.
The ufetubus barely misses you. The ufetubus closely misses you.
The gnoll hits you with a +0 club.
You climb downwards.
Level annotation: Menkaure
There is a stone staircase leading up here.
You hit the orc but do no damage. The ufetubus barely misses you.
The ufetubus hits you but does no damage.
The orc closely misses you. The ball python closely misses you.
The gnoll hits you but does no damage. The orc wizard barely misses you.
The orc closely misses you.
You barely miss the orc.
The ball python bites you but does no damage.
The gnoll completely misses you. The orc hits you with a +0 short sword.
The orc wizard completely misses you. The ball python closely misses you.
You hit the orc.
The orc is moderately wounded.
The yak gores you!
The ball python bites you but does no damage.
The gnoll barely misses you.
The orc wizard hits you with a +0 dagger.
The orc misses you.
You hit the orc.
You kill the orc!
The ball python closely misses you. The yak barely misses you.
The gnoll hits you with a +0 club.
The orc wizard hits you with a +0 dagger.
* * * LOW HITPOINT WARNING * * *
The ball python bites you.
* * * LOW HITPOINT WARNING * * *
The yak gores you.
* * * LOW HITPOINT WARNING * * *
The orc wizard hits you but does no damage.
You see here a +0 short sword.
You closely miss the orc wizard. The gnoll hits you with a +0 club.
* * * LOW HITPOINT WARNING * * *
The orc wizard grunts loudly.
The orc wizard hits you with a +0 dagger.
You die...

##..... ##... .# ....
..# ####..##..##
##..#..#....#.
#.............
#....S....... #..Yog#
..... ##..#@##.... ...
#.####)......... ###
#....5.#.##.....
###.####.....#.#......
#....###.(..#.........
#...............>...Y.
#..#.............Y..Y.
#..#..................
##...................[


You could see a yak, an orc wizard, a gnoll and a ball python.

Vanquished Creatures
  2 gnolls (D:2)
  An adder (D:2)
  2 dart slugs (D:1)
  An orc (D:5)
  8 bats
  4 endoplasms
  A giant cockroach (D:2)
  6 goblins
  4 hobgoblins (D:1)
  4 quokkas
  A ball python (D:1)
  A frilled lizard (D:2)
  A rat (D:2)
36 creatures vanquished.

Notes
Turn   | Place    | Note
-------+----------+-------------------------------------------
     0 | D:1      | sking99 the Ogre Monk began the quest for the Orb.
     0 | D:1      | Reached XP level 1. HP: 24/24 MP: 1/1
   191 | D:1      | Reached XP level 2. HP: 22/32 MP: 2/2
   897 | D:1      | Reached XP level 3. HP: 40/40 MP: 3/3
   926 | D:1      | Found a faded altar of an unknown god.
  2183 | D:2      | Reached XP level 4. HP: 21/49 MP: 4/4
  2426 | D:2      | Reached skill level 5 in Fighting
  2524 | D:3      | You fall into a shaft and drop 2 floors!
  2524 | D:5      | Entered Level 5 of the Dungeon
  2541 | D:5      | Noticed Menkaure
  2550 | D:5      | Noticed a yak
  2551 | D:5      | Noticed a yak
  2551 | D:5      | Noticed a yak
  2551 | D:5      | Noticed a yak
  2553 | D:5      | Noticed a scorpion
  2573 | D:5      | HP: 2/50 [gnoll (5)]
  2573 | D:5      | Slain by an orc wizard

Illustrated notes

Levels and vault maps discovered:
D:1:      minmay_arrival_diagonal_passages, layout_loops_ring,
          shapermc_ecumenical_altar_mp_vishouse
D:2:      layout_loops_cross, minivault_5, hangedman_decor_push
D:3:      minmay_spotlight, layout_rooms
D:4:      layout_loops_ring, sigmund_edmund_badplayer
D:5:      layout_cave_pools, sigmund_army, uniq_menkaure

Skill      XL: |  1  2  3  4 |
---------------+-------------+-----
Maces & Flails | 3 4 |  4.0
Fighting       | 5 |  5.0
Dodging        | |  2.6
Stealth        | |  1.4

Action                   |  1- 3 |  4- 6 || total
-------------------------+-------+-------++-------
Melee: Mace              |   149 |    11 ||   160
  Use: Scroll            |       |     1 ||     1
 Stab: Sleeping          |     5 |       ||     5
Armor: Robe              |    56 |     7 ||    63
Dodge: Dodged            |    96 |    22 ||   118
